 Dungeon Crawl Stone Soup version 0.29-a0-1019-g84f7d21838 (webtiles) character file.

Game seed: 12437711051830241957

540 Newt the Skirmisher (level 7, 0/36 HPs)
             Began as a Kobold Hunter on Aug 10, 2022.
             Was a Follower of Hepliaklqana.
             Slain by an ogre zombie
             ... wielding a +0 giant club of venom
              (8 damage)
             ... on level 4 of the Dungeon.
             The game lasted 00:06:39 (4748 turns).

Newt the Skirmisher (Kobold Hunter)                 Turns: 4748, Time: 00:06:41

Health: 0/36       AC:  4    Str:  8    XL:     7   Next: 51%
Magic:  7/7        EV: 14    Int: 11    God:    Hepliaklqana [*.....]
Gold:   161        SH:  0    Dex: 20    Spells: 6/6 levels left

rFire   . . .      SeeInvis .   a - +1 shortbow
rCold   . . .      Faith    .   (shield currently unavailable)
rNeg    . . .      Spirit   .   c - +1 leather armour
rPois   .          Reflect  .   (no helmet)
rElec   .          Harm     .   (no cloak)
rCorr   .          Rampage  .   (no gloves)
Will    .....                   (no boots)
Stlth   ++++......              l - amulet of magic regeneration
HPRegen 0.12/turn               (no ring)
MPRegen 0.50/turn               (no ring)

@: studying Stealth
A: reduced essence, small, no large weapons, nightstalker 3
a: Renounce Religion, Recall Ancestor, Ancestor Identity


You were on level 4 of the Dungeon.
You worshipped Hepliaklqana.
Hepliaklqana was aware of your devotion.
You visited 1 branch of the dungeon, and saw 4 of its levels.

You collected 161 gold pieces.

Inventory:

Hand Weapons
 a - a +1 shortbow (weapon)
Missiles
 p - a throwing net
Armour
 c - a +1 leather armour (worn)
Jewellery
 l - an amulet of magic regeneration (around neck)
Wands
 j - a wand of acid (7)
 n - a wand of roots (4)
 q - a wand of polymorph (2)
Scrolls
 b - 3 scrolls of immolation
 g - a scroll of enchant armour
 h - 2 scrolls of identify
 i - a scroll of vulnerability
 k - a scroll of blinking
Potions
 e - 2 potions of attraction
 f - a potion of ambrosia
 m - 2 potions of cancellation
 o - a potion of resistance
 r - a potion of degeneration


   Skills:
 + Level 3.0 Fighting
 - Level 10.1 Ranged Weapons
 - Level 1.0 Armour
 - Level 2.4 Dodging
 * Level 5.2 Stealth
 - Level 0.3 Evocations


You had 6 spell levels left.
You didn't know any spells.
Your spell library contained the following spells:

 Spells                   Type           Power      Damage    Failure   Level
 Sandblast                Erth           0%         2d4       45%         1
 Passwall                 Tmut/Erth      0%         N/A       58%         2
 Stone Arrow              Conj/Erth      0%         3d7       83%         3


Dungeon Overview and Level Annotations

Branches:
Dungeon (4/15)             Temple (0/1) D:4

Altars:
Hepliaklqana
Zin

Shops:
D:4 *

Annotations:
D:4 1 transporter


Innate Abilities, Weirdness & Mutations

Your life essence is reduced to manifest your ancestor. (-10% HP)
You are small and have problems with some larger weapons.
You are completely attuned to the shadows.


Message History

Roots grab the ogre zombie.
Roots grab the orc warrior zombie.
The grasping roots constrict the ogre zombie.
The grasping roots constrict the orc warrior zombie!
The grasping roots constrict the ogre zombie.
The orc warrior zombie struggles to escape constriction.
The ogre zombie closely misses you.
You shoot an arrow. The arrow hits the ogre zombie!
You destroy the ogre zombie!
The grasping roots constrict the ogre zombie.
The grasping roots constrict the orc warrior zombie.
The roots release their grip on the ogre zombie.
The roots release their grip on the orc warrior zombie.
Your Stealth skill increases to level 5!
You shoot an arrow. The arrow hits the orc warrior zombie!
The orc warrior zombie is almost destroyed.
The orc warrior zombie completely misses you.
You shoot an arrow. The arrow hits the orc warrior zombie!
You destroy the orc warrior zombie!
Your Fighting skill increases to level 3!
You shoot an arrow. The arrow hits the ogre zombie!
The ogre zombie is heavily damaged.
The orc warrior zombie barely misses you.
The ogre zombie barely misses you.
You shoot an arrow. The arrow hits the ogre zombie.
The ogre zombie is heavily damaged.
The orc warrior zombie barely misses you.
You shoot an arrow. The arrow hits the ogre zombie!
The ogre zombie is severely damaged.
The ogre zombie hits you with a +0 giant club of venom!
You are lethally poisoned!
The orc warrior zombie hits you with a +0 mace of venom!
* * * LOW HITPOINT WARNING * * *
Unknown command.
You feel better.
The orc warrior zombie hits you with a +0 mace of venom!
* * * LOW HITPOINT WARNING * * *
You are lethally poisoned!
You feel better.
The ogre zombie hits you with a +0 giant club of venom!
You die...

..#..#..##.# #...#)# ##.#.## #..
...........# #.###.# #.#.#####.#
.........### #.###.# #..........
.........# #.....# ####.####.#
.........# ######## ○☼..#..# #..
.........####.☼°☼°○#.○..Z##.#####
..#..#...#..#○.○°°.#☼°...##..#
..#..#......#○☼#Z#.○°○.$:#...#
..+..#.....§#○☼©@Z.☼°°.[Z#©..#
..#..#...#..#○°#.#.°°○.$$#...#
..#..#...####○.☼°°.#☼○...##..#
.........# #.☼☼☼○○#○°○..##.##
.........# ######## °../ #).#
.........# ## ##.# ...##....# #.#
[........# ##.# .........# #..#


You could see an orc warrior zombie and an ogre zombie.

Vanquished Creatures
  Edmund (D:4)
  The ghost of ytrimaz the Chopper, an amateur DsFi (D:3)
  An orc priest (D:3)
  A gnoll bouda (D:4)
  A hound (D:3)
  Jessica (D:3)
  An orc wizard (D:3)
  Terence (D:2)
  An ogre zombie (D:4)
  3 gnolls (D:4)
  5 adders
  An orc zombie (D:4)
  4 dart slugs
  5 orcs (D:3)
  6 endoplasms
  A giant cockroach (D:2)
  8 hobgoblins
  3 jackals (D:3)
  7 kobolds
  2 quokkas
  4 ball pythons
  5 bats
  3 frilled lizards
  12 goblins
  6 rats
84 creatures vanquished.

Vanquished Creatures (others)
  2 ancestors (D:4)
2 creatures vanquished.

Grand Total: 86 creatures vanquished

Notes
Turn   | Place    | Note
-------+----------+-------------------------------------------
     0 | D:1      | Newt the Kobold Hunter began the quest for the Orb.
     0 | D:1      | Reached XP level 1. HP: 12/12 MP: 1/1
   202 | D:1      | Reached XP level 2. HP: 14/17 MP: 2/2
   279 | D:1      | Reached skill level 6 in Ranged Weapons
   515 | D:1      | Reached XP level 3. HP: 21/21 MP: 3/3
  1147 | D:2      | Found a hazy altar of Hepliaklqana.
  1209 | D:2      | Became a worshipper of Hepliaklqana the Forgotten
  1233 | D:2      | Noticed Terence
  1240 | D:2      | Killed Terence
  1241 | D:2      | Reached XP level 4. HP: 24/26 MP: 4/4
  1331 | D:2      | Reached skill level 7 in Ranged Weapons
  1617 | D:2      | Reached skill level 1 in Armour
  2112 | D:3      | Identified the +7 quarterstaff "Xuck" {freeze, Fragile
                  | Will+ Str+9 Dex+5}
  2164 | D:3      | Reached XP level 5. HP: 24/30 MP: 5/5
  2172 | D:3      | Reached skill level 8 in Ranged Weapons
  2484 | D:3      | Found a runed translucent door.
  2485 | D:3      | Noticed ytrimaz's ghost (amateur DsFi)
  2817 | D:3      | Noticed Jessica
  2818 | D:3      | Killed Jessica
  2819 | D:3      | Reached XP level 6. HP: 35/35 MP: 6/6
  3144 | D:3      | Reached skill level 9 in Ranged Weapons
  3147 | D:3      | Killed ytrimaz's ghost
  3711 | D:4      | Found a transporter.
  3728 | D:4      | Found Zin's Purification Station.
  3729 | D:4      | Found a glowing silver altar of Zin.
  3730 | D:4      | Reached * piety under Hepliaklqana
  3747 | D:4      | Found a staircase to the Ecumenical Temple.
  3992 | D:4      | Reached skill level 10 in Ranged Weapons
  3992 | D:4      | Reached XP level 7. HP: 29/36 MP: 7/7
  4183 | D:4      | Noticed Edmund
  4191 | D:4      | Killed Edmund
  4421 | D:4      | Found a transporter.
  4742 | D:4      | Reached skill level 5 in Stealth
  4746 | D:4      | HP: 1/36 [orc warrior zombie/+0 mace of venom (13)]
  4748 | D:4      | Slain by an ogre zombie

Illustrated notes

Levels and vault maps discovered:
D:1:      roderic_octagonal_star, layout_loops_ring
D:2:      layout_basic, basic_altar, uniq_terence
D:3:      layout_rooms, ebering_ghost_inner_flame, uniq_jessica
D:4:      gammafunk_cloud_chamber, layout_basic, zin_purify, temple_green,
          minmay_manual_moon, uniq_edmund

Skill      XL: |  1  2  3  4  5  6  7 |
---------------+----------------------+-----
Ranged Weapons | 6 7 8 10 | 10.1
Armour         | 1 |  1.0
Stealth        | 5 |  5.2
Fighting       | 3 |  3.0
Dodging        | |  2.4
Evocations     | |  0.3

Action                   |  1- 3 |  4- 6 |  7- 9 || total
-------------------------+-------+-------+-------++-------
 Fire: Shortbow          |    81 |   141 |    23 ||   245
Evoke: Wand              |       |       |     3 ||     3
  Use: Scroll            |     4 |     6 |     2 ||    12
       Potion            |     1 |       |     3 ||     4
Armor: Leather armour    |    31 |    18 |       ||    49
       Skin              |       |       |     2 ||     2
Dodge: Dodged            |    60 |    50 |    10 ||   120

Table legend: (Time is in decaauts)
 A = Elapsed time spent in this place.
 B = Non-inter-level travel time spent in this place.
 C = Inter-level travel time spent in this place.
 D = Time resting spent in this place.
 E = Time spent auto-exploring this place.
 F = Levels seen in this place.
 G = Mean time per level.
                   A        B        C        D        E       F      G
               +--------+--------+--------+--------+--------+-----+--------+
         Total |   4786 |   4481 |    305 |    551 |   3457 |   4 | 1196.5 |
       Dungeon |   4786 |   4481 |    305 |    551 |   3457 |   4 | 1196.5 |
               +--------+--------+--------+--------+--------+-----+--------+

Top non-repeatable levels by time:
     D:4: 1496 daAuts
     D:3: 1182 daAuts
     D:2: 1110 daAuts
     D:1: 996 daAuts
